[Event "*** Titled Tuesday Blitz"]
[Site "Chess.com"]
[Date "2020.03.03"]
[Round "8"]
[White "NeverEverForever1990"]
[Black "LarissaSteenbekkers"]
[Result "1-0"]
[WhiteElo "2361"]
[BlackElo "1874"]
[TimeControl "180+1"]
[EndTime "14:34:12 PST"]
[Termination "NeverEverForever1990 won on time"]

1. e4 e6 2. d4 d5 3. Nc3 Bb4 4. e5 Ne7 5. a3 Bxc3+ 6. bxc3 c5 7. Qg4 Qc7 8. Bd3 c4 9. Be2 Nf5 10. Qf4 h5 11. a4 Nc6 12. Nf3 Bd7 13. Ba3 f6 14. O-O g5 15. Nxg5 fxg5 16. Qxg5 Nce7 17. Bxh5+ Kd8 18. Bg4 Bc6 19. Bxf5 exf5 20. Bd6 Qd7 21. Rfe1 Ke8 22. Re3 Rg8 23. Qf6 Rf8 24. Qh6 Rg8 25.
Qh5+ Kd8 26. Bxe7+ Qxe7 27. Qxf5 Kc7 28. e6 Raf8 29. Qe5+ Kb6 30. a5+ Ka6 31. f4 Rg4 32. f5 1-0

[Event "*** Titled Tuesday Blitz"]
[Site "Chess.com"]
[Date "2020.03.03"]
[Round "8"]
[White "Playgood28"]
[Black "MikeSailer"]
[Result "1-0"]
[WhiteElo "2244"]
[BlackElo "2112"]
[TimeControl "180+1"]
[EndTime "14:34:12 PST"]
[Termination "Playgood28 won on time"]

1. d4 d5 2. c4 Bf5 3. Nc3 e6 4. cxd5 exd5 5. Qb3 Nc6 6. Nf3 Nb4 7. e4 dxe4 8. Ne5 Be6 9. Bc4 Qxd4 10. Bxe6 Qxe5 11.
Bxf7+ Kd8 12. Bxg8 Nd3+ 13. Kf1 Bc5 14. Qd5+ Qxd5 15.
Bxd5 Nxf2 16. Nxe4 Nxh1 17. Nxc5 Rf8+ 18. Kg1 Rf5 19.
Ne6+ Ke7 20. Bg5+ Kd6 21. Rd1 Rxd5 22. Rxd5+ Kxe6 23. Rd1 h6 24. Be3 1-0

[Event "*** Titled Tuesday Blitz"]
[Site "Chess.com"]
[Date "2020.03.03"]
[Round "8"]
[White "temus_galaktionov"]
[Black "Hubbery"]
[Result "0-1"]
[WhiteElo "2724"]
[BlackElo "2561"]
[TimeControl "180+1"]
[EndTime "14:34:13 PST"]
[Termination "Hubbery won by resignation"]

1. d4 Nf6 2. Nf3 d5 3. c4 e6 4. Nc3 dxc4 5. e3 a6 6. a4 c5 7. Bxc4 Nc6 8. O-O cxd4 9. exd4 Be7 10. Be3 O-O 11. h3 Nb4 12. Bf4 Bd7 13. Ne5 Bc6 14.
Nxc6 Nxc6 15. d5 exd5 16. Nxd5 Nxd5 17. Bxd5 Qb6 18. Qb3 Qxb3 19. Bxb3 Bf6 20. Rab1 Nd4 21. Bd5 Ne2+ 22. Kh2 Nxf4 23. Bxb7 Ra7 24. Be4 a5 25. b3 g6 26. Rbc1 Ne6 27. Rc6 Rb8 28. Bd5 Be5+ 29.
f4 Nxf4 30. Bc4 Ne2+ 31. g3 Nxg3 32. Re1 Bf4 33. Kg2 Nf5 34. Re4 Bd6 35. Kf3 Re7 36.
Rxe7 Bxe7 37. Rc7 Kf8 38. Ra7 Nd4+ 39. Ke4 Nxb3 40. Bb5 Bb4 41. Ke5 Bc3+ 42. Kd5 Nd4 43. Bc4 Ne6 44. Bb5 h5 45. Kc4 Bb4 46. Bc6 h4 47.
Bd5 Rc8+ 48. Kb3 Rc3+ 49. Kb2 Rxh3 50. Kc2 Rg3 51. Kd1 h3 52. Ke2 h2 53. Kf2 Rg1 0-1

[Event "*** Titled Tuesday Blitz"]
[Site "Chess.com"]
[Date "2020.03.03"]
[Round "8"]
[White "Babas"]
[Black "Fuerza777"]
[Result "0-1"]
[WhiteElo "2334"]
[BlackElo "2218"]
[TimeControl "180+1"]
[EndTime "14:34:13 PST"]
[Termination "Fuerza777 won on time"]

1. d4 d5 2. Nf3 Nf6 3. c4 e6 4. cxd5 exd5 5. Bg5 c6 6. Nc3 h6 7. Bh4 Be7 8. e3 Bf5 9. Bd3 Bxd3 10. Qxd3 O-O 11. O-O Nbd7 12. Rab1 a5 13. a3 Re8 14. Bg3 Ne4 15. Nxe4 dxe4 16. Qxe4 Bxa3 17. Qc2 Be7 18.
Rfe1 Qb6 19. Rbd1 Bb4 20. Re2 Nf6 21. e4 Re6 22. d5 cxd5 23. exd5 Rxe2 24. Qxe2 Rd8 25.
h3 Nxd5 26. Rxd5 Rxd5 27. Qe8+ Bf8 28. Be5 Qe6 29. Qb8 f6 30. Bc3 Rd1+ 31. Kh2 Qd6+ 32. Qxd6 Bxd6+ 33. g3 a4 0-1

[Event "*** Titled Tuesday Blitz"]
[Site "Chess.com"]
[Date "2020.03.03"]
[Round "8"]
[White "MiroVlasenko"]
[Black "Megagigahiper3345"]
[Result "1-0"]
[WhiteElo "2648"]
[BlackElo "2147"]
[TimeControl "180+1"]
[EndTime "14:34:18 PST"]
[Termination "MiroVlasenko won by resignation"]

1. d4 d5 2. Bf4 c5 3. e4 cxd4 4. exd5 Qxd5 5. Nc3 Qe6+ 6. Nce2 Nc6 7. Nf3 Nf6 8. Nxd4 Nxd4 9. Qxd4 g6 10. O-O-O Bd7 11. Nc3 Bg7 12. Bc4 Qb6 13. Nd5 Qxd4 14. Nc7+ Kd8 15.
Rxd4 Rc8 16. Re1 Rxc7 17. Bxc7+ Kxc7 18. Rxe7 Rd8 19. Rxf7 Bh8 20. Be6 Kc6 21. Bxd7+ Nxd7 22. Rd3 h5 23. c3 Be5 24. f4 Bd6 25. g3 Nc5 26.
Rd1 Ne4 27. Rg7 h4 28. Rxg6 hxg3 29. hxg3 Kc7 30. Rd4 Nc5 31. Kc2 Rd7 32. a4 a5 33.
g4 b6 34. g5 Be7 35. Rxd7+ Nxd7 36. Re6 Bd8 37. g6 Nf8 38. g7 Nxe6 39. g8=Q Nxf4 40.
Qf7+ Kb8 41. Qxf4+ 1-0

[Event "*** Titled Tuesday Blitz"]
[Site "Chess.com"]
[Date "2020.03.03"]
[Round "8"]
[White "HanSchut"]
[Black "DonBroca"]
[Result "1-0"]
[WhiteElo "2273"]
[BlackElo "2043"]
[TimeControl "180+1"]
[EndTime "14:34:19 PST"]
[Termination "HanSchut won on time"]

1. e4 c5 2. Nf3 d6 3. d4 cxd4 4. Nxd4 Nf6 5. f3 e5 6. Bb5+ Nbd7 7. Nf5 d5 8. exd5 a6 9. Bxd7+ Qxd7 10. Ne3 Bc5 11. c4 b5 12. Nc3 O-O 13. Ne4 Nxe4 14.
fxe4 f5 15. Nxf5 g6 16. Nh6+ Kg7 17. Rf1 Rxf1+ 18. Kxf1 Bb7 19. Qe2 Rf8+ 20. Ke1 Rf2 21. Qxf2 Bxf2+ 22. Kxf2 bxc4 23. h3 Qd8 24. Ng4 Qh4+ 25.
Ke2 Qg3 26. Ne3 a5 27. Bd2 Ba6 28. Bc3 h5 29. Rf1 Bc8 30. Rf3 Qg5 31. h4 Qxh4 32.
Bxe5+ 1-0

[Event "*** Titled Tuesday Blitz"]
[Site "Chess.com"]
[Date "2020.03.03"]
[Round "8"]
[White "MusicCityMaster"]
[Black "northridgehawk"]
[Result "1-0"]
[WhiteElo "2390"]
[BlackElo "2256"]
[TimeControl "180+1"]
[EndTime "14:34:22 PST"]
[Termination "MusicCityMaster won by checkmate"]

1. e4 e5 2. Nf3 Nc6 3. Bb5 a6 4. Ba4 Nf6 5. O-O b5 6. Bb3 Bc5 7. c3 d6 8. d4 Bb6 9. a4 Rb8 10.
axb5 axb5 11. Na3 Bg4 12. Nxb5 Bxf3 13. Qxf3 exd4 14. Bg5 Ne5 15. Qg3 dxc3 16. Nxc3 Bxf2+ 17. Rxf2 Rxb3 18. Bxf6 gxf6 19. Qg7 Ng6 20. Nd5 Kd7 21. Rxf6 Ne5 22. Ra7 Kc6 23. Rxc7+ Kb5 24. Nc3+ Ka6 25. Rfxf7 Nxf7 26. Qxf7 Qb8 27. Qc4+ Kb6 28. Rc6+ Kb7 29.
Qa6# 1-0

[Event "*** Titled Tuesday Blitz"]
[Site "Chess.com"]
[Date "2020.03.03"]
[Round "8"]
[White "Irishchessman16"]
[Black "lelya96"]
[Result "1-0"]
[WhiteElo "2205"]
[BlackElo "2279"]
[TimeControl "180+1"]
[EndTime "14:34:26 PST"]
[Termination "Irishchessman16 won by resignation"]

1. e4 e5 2. Nf3 Nc6 3. d4 exd4 4. Nxd4 Bb4+ 5. c3 Bc5 6. Be3 Bb6 7. Na3 Nge7 8. Nc4 O-O 9. Nxb6 axb6 10. Bd3 d5 11.
O-O dxe4 12. Bxe4 f5 13. Bf3 Qe8 14. Nb5 Qf7 15. Nxc7 Ra5 16. a4 Rd8 17. Qc1 Ng6 18. Bxb6 Ra6 19. Nxa6 bxa6 20. Bxd8 Nxd8 21. Qd2 Qf6 22.
Rad1 Nf7 23. Rfe1 Nge5 24. Bd5 h6 25. f4 Qb6+ 26. Qf2 Qxf2+ 27. Kxf2 Ng4+ 28. Kg3 Nf6 29. Bxf7+ Kxf7 30. b4 Be6 31. b5 Bc4 32. b6 Ne4+ 33. Rxe4 fxe4 34. b7 1-0

[Event "*** Titled Tuesday Blitz"]
[Site "Chess.com"]
[Date "2020.03.03"]
[Round "8"]
[White "Sordis"]
[Black "Mikhail_Golubev"]
[Result "1-0"]
[WhiteElo "2376"]
[BlackElo "2486"]
[TimeControl "180+1"]
[EndTime "14:34:27 PST"]
[Termination "Sordis won on time"]

1. c4 g6 2. g3 Bg7 3. Bg2 d6 4. Nc3 e5 5. d3 Nc6 6. Rb1 a5 7. a3 f5 8. e3 Nf6 9. Nge2 O-O 10. O-O h6 11. b4 axb4 12. axb4 g5 13. f4 Ne7 14. Bd2 Ng6 15. Qc2 c6 16. b5 Bd7 17.
bxc6 bxc6 18. fxe5 dxe5 19. Rb7 Bc8 20. Rb3 Ne7 21.
Rfb1 h5 22. Rb8 Rxb8 23. Rxb8 h4 24. Qb1 hxg3 25. hxg3 Ng4 26. Bf3 f4 27. Bxg4 f3 28. Ne4 fxe2 29. Bxe2 Nf5 30. Qb6 Qe8 31. Bg4 Ne7 32. Qc7 Qg6 33. Bxc8 Qf7 34. Bh3 Qf3 35. Rxf8+ Bxf8 36. Qxe5 Qd1+ 37. Bf1 1-0

[Event "*** Titled Tuesday Blitz"]
[Site "Chess.com"]
[Date "2020.03.03"]
[Round "8"]
[White "Aleksandr_Kozak"]
[Black "Atanejhad"]
[Result "0-1"]
[WhiteElo "2268"]
[BlackElo "2589"]
[TimeControl "180+1"]
[EndTime "14:34:29 PST"]
[Termination "Atanejhad won on time"]

1. e4 e5 2. Nf3 Nc6 3. Bb5 a6 4.
Ba4 Nf6 5. O-O Be7 6. Re1 b5 7. Bb3 d6 8. c3 O-O 9. h3 Na5 10. Bc2 c5 11. d4 Qc7 12. Nbd2 Nc6 13. d5 Nd8 14. a4 Rb8 15. axb5 axb5 16. Nf1 Ne8 17.
Ne3 g6 18. Ng4 Ng7 19. b4 f6 20. Nh6+ Kh8 21. g4 Bd7 22. Be3 Nf7 23. Nxf7+ Rxf7 24. Ra6 Rbf8 25. bxc5 Qc8 26. Qa1 dxc5 27. d6 Bd8 28. Ra8 Qc6 29. Ra6 Qc8 30. Ra8 Qb7 31. g5 Bxh3 32.
gxf6 Bxf6 33. Rxf8+ Rxf8 0-1

[Event "*** Titled Tuesday Blitz"]
[Site "Chess.com"]
[Date "2020.03.03"]
[Round "8"]
[White "yoolund"]
[Black "VeraNebolsina"]
[Result "1-0"]
[WhiteElo "2547"]
[BlackElo "2335"]
[TimeControl "180+1"]
[EndTime "14:34:29 PST"]
[Termination "yoolund won by resignation"]

1. d4 Nf6 2. Bg5 d5 3. Bxf6 gxf6 4. e3 c5 5. dxc5 Nc6 6. Nf3 e6 7. c4 Qa5+ 8. Nc3 dxc4 9. Bxc4 Qxc5 10. Bd3 Bd7 11.
O-O f5 12. Rc1 Qe7 13. Nd4 Nxd4 14. exd4 Bh6 15. Rc2 O-O 16. d5 e5 17. Qh5 Qf6 18. f3 Kh8 19. Kh1 Rg8 20. g4 Bf4 21. Bxf5 Bxf5 22.
Qxf5 Qxf5 23. gxf5 Rac8 24. Rff2 Rg5 25. Ne4 Rxc2 26.
Rxc2 Rxf5 27. d6 1-0

[Event "*** Titled Tuesday Blitz"]
[Site "Chess.com"]
[Date "2020.03.03"]
[Round "8"]
[White "Supernotar"]
[Black "Bigfish1995"]
[Result "1-0"]
[WhiteElo "2835"]
[BlackElo "3072"]
[TimeControl "180+1"]
[EndTime "14:34:32 PST"]
[Termination "Supernotar won by checkmate"]

1. d4 Nf6 2. c4 e6 3. Nf3 b6 4. g3 Ba6 5. b3 d5 6. Nbd2 Bb4 7. Qc2 c5 8. Bg2 Nc6 9. dxc5 Bxc5 10. O-O Rc8 11. Bb2 O-O 12. a3 dxc4 13. Nxc4 b5 14. Rad1 Nd5 15. e4 bxc4 16. bxc4 Ne3 17. fxe3 Qe7 18.
Kh1 f6 19. e5 f5 20. Nd4 Nxe5 21. Nxe6 Nxc4 22. Nxc5 Nxe3 23. Rfe1 Rfe8 24. Qb3+ Bc4 25.
Rxe3 Bxb3 26. Rxe7 Bxd1 27. Rxg7+ Kf8 28. Nd7# 1-0

[Event "*** Titled Tuesday Blitz"]
[Site "Chess.com"]
[Date "2020.03.03"]
[Round "8"]
[White "Vaathi_Coming"]
[Black "saikrishnaReturns"]
[Result "1-0"]
[WhiteElo "2828"]
[BlackElo "2655"]
[TimeControl "180+1"]
[EndTime "14:34:36 PST"]
[Termination "Vaathi_Coming won on time"]

1. e4 e5 2. Nf3 Nc6 3. d4 exd4 4. Nxd4 Nf6 5. Nxc6 bxc6 6. Bd3 d5 7. exd5 Qe7+ 8.
Qe2 Qxe2+ 9. Bxe2 cxd5 10. Bf4 c6 11. Nd2 Bc5 12. Nb3 Bb6 13. O-O O-O 14. c4 dxc4 15. Bxc4 Nd5 16. Bd2 Bb7 17. Na5 Bxa5 18. Bxa5 Nb6 19.
Be2 Rfe8 20. Rfe1 Re5 21. Bc3 Ree8 22. Rad1 Nd5 23. Bd2 Re4 24. Bf1 Rae8 25. Rxe4 Rxe4 26. f3 Re6 27. Kf2 Kf8 28. Rc1 Re7 29. g4 Ke8 30.
h4 Kd7 31. h5 h6 32. Bd3 Kc7 33. Be4 Nf6 34. Bf4+ Kb6 35. Be3+ Kc7 36. Bb1 a6 37.
Bd4 Rd7 38. Be5+ Kb6 39. Bf5 Rd5 40. Re1 c5 41. Bc3 1-0

[Event "*** Titled Tuesday Blitz"]
[Site "Chess.com"]
[Date "2020.03.03"]
[Round "8"]
[White "nonscitis"]
[Black "Bulldog167"]
[Result "1-0"]
[WhiteElo "2608"]
[BlackElo "2753"]
[TimeControl "180+1"]
[EndTime "14:34:36 PST"]
[Termination "nonscitis won by checkmate"]

1. d4 Nf6 2. c4 e6 3. Nf3 d5 4. Nc3 dxc4 5. e4 b5 6. e5 Nd5 7. Nxb5 Nb6 8. Be2 Nc6 9. Bg5 Qd7 10. Rc1 h6 11. Be3 Bb7 12. O-O Nb4 13. Na3 Nxa2 14.
Ra1 Nb4 15. Nxc4 Nxc4 16. Bxc4 Be7 17. Nd2 O-O 18. Qg4 Kh8 19. Qh3 Kh7 20. Rfd1 Bd5 21.
Be2 f5 22. exf6 Bxf6 23. Nf3 Kg8 24. Rac1 Rab8 25. Qg3 c6 26. Bxh6 Be4 27. Bf4 Rbd8 28. Ne5 Qb7 29. Bg4 Bf5 30. Bxf5 exf5 31. Qb3+ Kh7 32.
Rc3 Bxe5 33. Rh3+ Kg6 34. Bxe5 Qf7 35. Qg3# 1-0

[Event "*** Titled Tuesday Blitz"]
[Site "Chess.com"]
[Date "2020.03.03"]
[Round "8"]
[White "Jbd735"]
[Black "RoelandPruijssers"]
[Result "0-1"]
[WhiteElo "2511"]
[BlackElo "2676"]
[TimeControl "180+1"]
[EndTime "14:34:40 PST"]
[Termination "RoelandPruijssers won on time"]

1. e4 d5 2. exd5 Qxd5 3. Nc3 Qa5 4. d4 Nf6 5. Bc4 Bg4 6. Ne2 Nc6 7. f3 Bf5 8. Be3 O-O-O 9. O-O e5 10. d5 Bc5 11.
Qc1 Nb4 12. Bb3 Bxc2 13. Kh1 Bxe3 14. Qxe3 Qb6 15. Qxe5 Bxb3 16. axb3 Nbxd5 17. Nxd5 Rxd5 18. Qc3 Re8 19. Nf4 Rde5 20. Rfc1 Kb8 21. h3 a6 22. Nd3 Re3 23. Qc4 R8e7 24. Nc5 Re2 25. Nxa6+ bxa6 26. Rxa6 Re1+ 27. Rxe1 Rxe1+ 28. Kh2 Qg1+ 29. Kg3 Nd7 30. Qb5+ Nb6 31. Qc6 Qd4 0-1

[Event "*** Titled Tuesday Blitz"]
[Site "Chess.com"]
[Date "2020.03.03"]
[Round "8"]
[White "Azeryahu"]
[Black "Willychess95"]
[Result "1-0"]
[WhiteElo "2812"]
[BlackElo "2638"]
[TimeControl "180+1"]
[EndTime "14:34:41 PST"]
[Termination "Azeryahu won on time"]

1. Nf3 c5 2. g3 Nf6 3. Bg2 d5 4. O-O Nc6 5. d4 cxd4 6. Nxd4 e5 7. Nxc6 bxc6 8. c4 Be6 9. Nc3 Be7 10. Bg5 e4 11. cxd5 cxd5 12. Qa4+ Bd7 13. Qd4 O-O 14.
Bxf6 Bxf6 15. Qxd5 Be6 16. Qxe4 Rb8 17. Qc2 Qb6 18.
Nd5 Bxd5 19. Bxd5 Qxb2 20. Rac1 Qe5 21. Bb3 h5 22. h4 Rb4 23. Qc5 Qxc5 24. Rxc5 g6 25. Rc7 a5 26. Ra7 Rb5 27. Rd1 Bc3 28. Rdd7 Rf5 29. e4 Rf6 30. f4 Bb4 31. e5 Bc5+ 32. Kg2 Bxa7 33. exf6 Bc5 34. Kf3 Bb4 35. f5 gxf5 36. Kf4 Kh7 37. Kxf5 1-0

[Event "*** Titled Tuesday Blitz"]
[Site "Chess.com"]
[Date "2020.03.03"]
[Round "8"]
[White "guillembaches"]
[Black "JozefKneht"]
[Result "1-0"]
[WhiteElo "2442"]
[BlackElo "2548"]
[TimeControl "180+1"]
[EndTime "14:34:41 PST"]
[Termination "guillembaches won by resignation"]

1. e4 e5 2. Nf3 Nc6 3. Nc3 Nf6 4. d4 exd4 5. Nxd4 Bb4 6. Nxc6 bxc6 7. Bd3 O-O 8. O-O d5 9. Bd2 Bxc3 10. Bxc3 Nxe4 11. Bxe4 dxe4 12. Qe2 Bf5 13. Rad1 Qe7 14. Qe3 Qe6 15. Rd4 Rfd8 16. Rxd8+ Rxd8 17. Qxa7 h5 18. Qxc7 Rd7 19. Qg3 Qh6 20. Qe5 Qg6 21. a4 h4 22. a5 Rd5 23.
Qb8+ Kh7 24. Ra1 e3 25. Qf4 h3 26. Qg3 e2 27. Qxg6+ Kxg6 28. Re1 Bxc2 29. Rxe2 Rd1+ 30. Re1 Rxe1+ 31. Bxe1 hxg2 32. Kxg2 Bd3 33. Kg3 Kf5 34.
Bc3 g6 35. h4 Be2 36. f4 Ke4 37. Kf2 Bb5 38. Kg3 c5 39. Kg4 c4 40. Kg5 Ba6 41. f5 gxf5 42. h5 f4 43. h6 f3 44. Be1 f6+ 45.
Kxf6 c3 46. bxc3 Ke3 47. h7 Ke2 48. Bh4 1-0

[Event "*** Titled Tuesday Blitz"]
[Site "Chess.com"]
[Date "2020.03.03"]
[Round "8"]
[White "violetflower04"]
[Black "ZEN-22"]
[Result "1-0"]
[WhiteElo "2247"]
[BlackElo "2378"]
[TimeControl "180+1"]
[EndTime "14:34:41 PST"]
[Termination "violetflower04 won by checkmate"]

1. b3 c6 2. Bb2 d5 3. e3 f6 4. Nf3 e5 5. d4 e4 6. Nfd2 f5 7. c4 Nf6 8. Be2 Bd6 9. h3 h5 10. Nc3 a6 11. Qc2 b5 12. cxd5 cxd5 13. Kf1 Be6 14.
f3 Nbd7 15. a3 Rc8 16. b4 f4 17. fxe4 fxe3 18. e5 Nxe5 19. dxe5 Bxe5 20. Nf3 Bg3 21. Qg6+ Bf7 22. Qxg3 d4 23. Qe5+ Kf8 24. Nxd4 Kg8 25. Nf5 Kh7 26. Rd1 Qf8 27. Ne4 Nxe4 28. Qxe4 Bg6 29.
g4 Re8 30. Qf3 Qf7 31. Bxg7 Rhg8 32. Bd4 Qb3 33. gxh5 Bf7 34. Qf4 Re6 35. Rg1 Rxg1+ 36. Kxg1 Bxh5 37. Qg5 Rg6 38. Qxg6+ Bxg6 39. Nxe3 Be4 40.
Kf2 Qf7+ 41. Ke1 Qf4 42. Kd2 Bf3 43. Rf1 Qxd4+ 44. Bd3+ Kh6 45. Rxf3 Qb2+ 46. Bc2 Kg5 47. Rf7 Qa1 48. Rf5+ Kh4 49. Ke2 Kg3 50. Rf3+ Kh2 51. Ng4+ Kg1 52. Be4 Kg2 53. Rf2+ Kg3 54. Ne3 Kh4 55.
Rf4+ Kg5 56. Kf3 Qh1+ 57. Ng2 Qf1+ 58. Kg3 Qc1 59. Rg4+ Kf6 60. Nf4 Ke5 61. Nd3+ Kd4 62. Nxc1 Ke3 63. Rg6 a5 64. bxa5 Kxe4 65. a6 Kd4 66. a7 Kc5 67. a8=Q b4 68. Rg5+ Kd4 69. Qd5+ Kc3 70. Qd3+ Kb2 71. Qb3+ Ka1 72. Qa2# 1-0

[Event "*** Titled Tuesday Blitz"]
[Site "Chess.com"]
[Date "2020.03.03"]
[Round "8"]
[White "enriquetejedor"]
[Black "VALPARAISO37"]
[Result "1-0"]
[WhiteElo "2557"]
[BlackElo "2414"]
[TimeControl "180+1"]
[EndTime "14:34:43 PST"]
[Termination "enriquetejedor won by resignation"]

1. e4 e5 2. Nf3 Nc6 3. Bb5 g6 4. O-O Bg7 5. c3 Nge7 6. d4 exd4 7. cxd4 O-O 8. Nc3 a6 9. Ba4 d6 10. h3 h6 11. Be3 Kh7 12. d5 Na5 13. Nd2 b5 14.
Bc2 c5 15. dxc6 Nexc6 16. Rb1 Be6 17. Nd5 Ne5 18. b3 Nec6 19. f4 f5 20. Nf3 fxe4 21. Bxe4 Bf5 22. Bxf5 Rxf5 23. Rc1 Nd4 24. Nf6+ Rxf6 25.
Bxd4 Rxf4 26. Bxg7 Kxg7 27. Nd4 Rxf1+ 28. Qxf1 Qb6 29. Rc7+ Qxc7 30. Ne6+ Kg8 31. Nxc7 Rc8 32. Nd5 Rf8 33. Ne7+ Kg7 34. Qa1+ Kf7 35. Nd5 Nc6 36. Qf6+ Ke8 37. Qe6+ Kd8 38. Qxd6+ Ke8 39. Qxc6+ Kf7 40. Qf6+ Kg8 41. Qxf8+ Kxf8 42. Kf2 Kf7 43. Nc7 Kf6 44.
Nxa6 Ke5 45. a4 bxa4 46. bxa4 g5 47. Kf3 h5 48. a5 g4+ 49. hxg4 h4 50. g5 h3 51.
gxh3 1-0

[Event "*** Titled Tuesday Blitz"]
[Site "Chess.com"]
[Date "2020.03.03"]
[Round "8"]
[White "saraswathii"]
[Black "chesstatour"]
[Result "0-1"]
[WhiteElo "2204"]
[BlackElo "2069"]
[TimeControl "180+1"]
[EndTime "14:34:44 PST"]
[Termination "chesstatour won on time"]

1. e4 c6 2. d3 d5 3. Nd2 e5 4.
Ngf3 Bd6 5. g3 f5 6. exf5 Bxf5 7. Bg2 Nf6 8. O-O O-O 9. Qe2 Nbd7 10. Re1 Qc7 11. c3 Rae8 12. Nh4 Bg4 13. Bf3 Be6 14. Bg2 Re7 15. Qd1 Rfe8 16. Nf1 Nf8 17. Ne3 Qc8 18. Nf3 Bh3 19. Nh4 Be6 20. Qf3 Rf7 21. Qe2 Bg4 22. Nxg4 Nxg4 23. Bh3 h5 24. f3 g5 25.
Bxg5 e4 26. fxg4 Re5 0-1

[Event "*** Titled Tuesday Blitz"]
[Site "Chess.com"]
[Date "2020.03.03"]
[Round "8"]
[White "Gentlejimmy7"]
[Black "ShahMatKanal"]
[Result "1-0"]
[WhiteElo "2700"]
[BlackElo "2527"]
[TimeControl "180+1"]
[EndTime "14:34:45 PST"]
[Termination "Gentlejimmy7 won by checkmate"]

1. d4 Nf6 2. Nf3 e6 3. g3 b5 4.
Bg2 Bb7 5. O-O Be7 6. Na3 a6 7. c4 Bxa3 8. bxa3 bxc4 9. Qa4 Bd5 10. Ne5 O-O 11. Nxc4 Nc6 12. Rd1 Qb8 13. Bg5 Qb5 14.
Qxb5 axb5 15. Ne5 Rxa3 16. Bxf6 Bxg2 17. Nxd7 Rfa8 18. Kxg2 gxf6 19. Nxf6+ Kg7 20. Nh5+ Kh6 21. Nf4 Nb4 22. Rab1 R8a4 23. Rdc1 c6 24. e3 Rxa2 25. Rc5 Rd2 26. Kf3 f5 27. Nxe6 Nd3 28. Rxf5 Rxf2+ 29. Ke4 Rxf5 30. Kxf5 b4 31. Nf4 Nf2 32. e4 Kg7 33. e5 h5 34. e6 Kf8 35. Nxh5 Ra5+ 36. Kg6 Rb5 37. Rf1 Ke7 38. Rxf2 b3 39. Ng7 b2 40. Rf7+ Kd8 41. e7+ Kc8 42. e8=Q# 1-0

[Event "*** Titled Tuesday Blitz"]
[Site "Chess.com"]
[Date "2020.03.03"]
[Round "8"]
[White "GMKrikor"]
[Black "Hasangatin_Ramil"]
[Result "0-1"]
[WhiteElo "2793"]
[BlackElo "2576"]
[TimeControl "180+1"]
[EndTime "14:34:48 PST"]
[Termination "Hasangatin_Ramil won by resignation"]

1. Nf3 d5 2. c4 d4 3. b4 f6 4. e3 dxe3 5. fxe3 e5 6. c5 Be6 7. d4 e4 8. Nfd2 f5 9. Nc3 Nf6 10. Nc4 g6 11. Ne5 Bg7 12. Bc4 Bxc4 13. Nxc4 Nd5 14. Qb3 Nxc3 15. Qxc3 O-O 16. O-O Qd5 17.
Bb2 Nd7 18. Qb3 Nf6 19. a4 Ng4 20. Qc3 Rad8 21. Rad1 h5 22. h3 Nf6 23. Ne5 Kh7 24. Qc2 Bh6 25. Qf2 Qe6 26. Bc1 Nd5 27. Bd2 Bg7 28.
Nc4 g5 29. Qe2 g4 30. Be1 Bh6 31. Kh1 f4 32. exf4 Nxf4 33. Qc2 gxh3 34. g3 Nd3 35.
Rg1 Rxd4 36. Na5 e3 37. Qe2 Qe4+ 38. Kh2 Nxe1 39. Rxd4 Nf3+ 40. Kh1 0-1

[Event "*** Titled Tuesday Blitz"]
[Site "Chess.com"]
[Date "2020.03.03"]
[Round "8"]
[White "Gogolev_Artemy"]
[Black "ChessBitl"]
[Result "0-1"]
[WhiteElo "2447"]
[BlackElo "2336"]
[TimeControl "180+1"]
[EndTime "14:34:53 PST"]
[Termination "ChessBitl won on time"]

1. d4 Nf6 2. Nf3 g6 3. Bf4 Bg7 4. e3 d6 5. h3 O-O 6. Be2 c5 7. O-O Nc6 8. c3 Qb6 9. dxc5 dxc5 10. Qb3 Be6 11. Qxb6 axb6 12. Na3 Nd5 13. Bg3 Nxc3 14. Bc4 Rxa3 15. Bxe6 Ne2+ 16. Kh2 Nxg3 17. Kxg3 Raa8 18.
Bc4 Bxb2 19. Rab1 Be5+ 20. Kh4 Bc7 21. Rfd1 Ra4 22. Nd2 Na5 23. Rbc1 Rd8 24. Kg5 Nxc4 25. Nxc4 Rxd1 26. Rxd1 Rxc4 27. Rd7 Bd6 28. Kh6 Rh4+ 29.
Kg5 Rh5+ 30. Kg4 Kg7 31. f4 Rd5 32. Rxb7 Rd3 33. Rxb6 Rxe3 34. a4 Re4 35. a5 Rxf4+ 36. Kg3 Ra4+ 37. Kf3 Rxa5 38. g3 Ra3+ 39. Kg4 Rxg3+ 40.
Kh4 Re3 41. Rb2 f5 42. Rg2 Kf6 43. Rxg6+ Ke5 44. Rh6 c4 45. Rxh7 c3 46. Kh5 Rxh3+ 0-1

[Event "*** Titled Tuesday Blitz"]
[Site "Chess.com"]
[Date "2020.03.03"]
[Round "8"]
[White "OparinGrigoriy"]
[Black "Chessalary"]
[Result "1-0"]
[WhiteElo "2994"]
[BlackElo "2315"]
[TimeControl "180+1"]
[EndTime "14:34:56 PST"]
[Termination "OparinGrigoriy won by checkmate"]

1. Nf3 Nf6 2. g3 g6 3. Bg2 Bg7 4. c4 O-O 5. Nc3 d6 6. d4 Nbd7 7. O-O e5 8. e4 c6 9. Qc2 exd4 10.
Nxd4 Nc5 11. Rd1 Qe7 12. Bg5 h6 13. Bf4 Ng4 14. Nf5 gxf5 15. Bxd6 Qg5 16. Bxc5 Re8 17. h3 Nf6 18. e5 Ne4 19. Be3 Qe7 20.
Nxe4 fxe4 21. Qxe4 Qxe5 22. Qxe5 Bxe5 23. Rd2 Be6 24. Rc1 h5 25. f4 Bg7 26. Kf2 Rad8 27. Rxd8 Rxd8 28. b3 a5 29. h4 a4 30. Bf3 axb3 31. axb3 Rd3 32. Rd1 Rxb3 33. Rd8+ Kh7 34. Bxh5 Bxc4 35. Bf3 Rb2+ 36. Kg1 Rb1+ 37. Kg2 Rb2+ 38.
Kg1 Rb1+ 39. Kf2 Rb2+ 40. Rd2 Rxd2+ 41. Bxd2 f5 42. h5 Kh6 43. g4 fxg4 44. Bxg4 Bf7 45. f5+ Kh7 46. Kg3 Bh6 47. Bc3 Bg7 48. f6 Bf8 49. Bf5+ Kh6 50. Kh4 Bxh5 51. Bd2# 1-0

[Event "*** Titled Tuesday Blitz"]
[Site "Chess.com"]
[Date "2020.03.03"]
[Round "8"]
[White "IMTominho"]
[Black "Parhamov"]
[Result "0-1"]
[WhiteElo "2849"]
[BlackElo "3067"]
[TimeControl "180+1"]
[EndTime "14:34:57 PST"]
[Termination "Parhamov won by resignation"]

1. d4 Nf6 2. c4 e6 3. Nf3 d5 4. Nc3 dxc4 5. e3 a6 6. Bxc4 b5 7. Bb3 Bb7 8. O-O Nbd7 9. Qe2 c5 10.
a4 b4 11. Nb1 Be7 12. Rd1 Qc7 13. Nbd2 O-O 14. a5 Rfd8 15. Bc4 h6 16. Nb3 e5 17.
dxe5 Nxe5 18. Nxe5 Qxe5 19. f3 Rxd1+ 20. Qxd1 Rd8 21.
Qe2 Bd6 22. g3 Ne4 23. fxe4 Qxe4 24. Bd2 Qh1+ 25. Kf2 Qxh2+ 26. Ke1 Bxg3+ 27. Kd1 Qh4 28. Nxc5 Qh1+ 29. Kc2 Qxa1 30. Nxb7 Qa4+ 31. b3 Qa2+ 32. Kc1 Rd7 33. Nc5 Qa1+ 34. Kc2 Rc7 35. Qf3 Be5 36.
Nxa6 Rd7 37. Bd5 Qb2+ 38. Kd1 Bc3 39. Bc1 Qxb3+ 40. Ke2 Rxd5 0-1

[Event "*** Titled Tuesday Blitz"]
[Site "Chess.com"]
[Date "2020.03.03"]
[Round "8"]
[White "Rsnr"]
[Black "Sashadav97"]
[Result "1-0"]
[WhiteElo "2793"]
[BlackElo "2556"]
[TimeControl "180+1"]
[EndTime "14:34:57 PST"]
[Termination "Rsnr won by resignation"]

1. d4 Nf6 2. c4 e6 3. Nf3 b6 4. a3 Bb7 5. Nc3 Ne4 6. Nxe4 Bxe4 7. Bf4 Be7 8. e3 d6 9. Bd3 Bb7 10. O-O Nd7 11. b4 g5 12. Bg3 h5 13. h3 h4 14. Bh2 g4 15. hxg4 h3 16. gxh3 Rxh3 17. e4 Nf6 18. Kg2 Rh8 19. Nd2 Qd7 20. f3 d5 21. cxd5 O-O-O 22. Rc1 Bd6 23. Bxd6 Qxd6 24. e5 Qxd5 25. exf6 Qxd4 26. Be4 Qe3 27. Bxb7+ Kxb7 28. Rc2 Qf4 29. Rh1 Rxh1 30. Qxh1 Rxd2+ 31. Rxd2 Qxd2+ 32. Kg3 Qd6+ 33. f4+ c6 34. Qh7 Qd7 35. g5 c5 36. Qe4+ Kc7 37. Qe5+ Kc6 38. Qe4+ Kc7 39. g6 fxg6 40. Qxg6 Qd4 41. Qf7+ Kb8 42. Qe8+ Kb7 43. Qe7+ Ka6 44. Qxe6 Qd3+ 45. Kh4 Qg6 46. bxc5 Qh6+ 47. Kg3 Qg6+ 48. Kf2 Kb5 49. c6 Kc5 50. c7 1-0